 Dungeon Sprint DCSS version 0.17-a0-1923-gc35365e (webtiles) character file.

3558 Kidiri the Covert (level 9, 0/39 HPs)
             Began as a Spriggan Enchanter on Sept 28, 2015.
             Was the Champion of Dithmenos.
             Succumbed to a killer bee's poison
             ... in the Dungeon (Sprint III: "The Ten Rune Challenge").
             The game lasted 00:08:41 (1822 turns).

Kidiri the Covert (Spriggan Enchanter)              Turns: 1822, Time: 00:08:41

Health: 0/39       AC:  6    Str:  4    XL:     9   Next: 83%
Magic:  1/25       EV: 31    Int: 19    God:    Dithmenos [******]
Gold:   20         SH:  0    Dex: 19    Spells: 8 memorised, 1 level left

rFire  . . .     SeeInvis +     a - +1 dagger
rCold  . . .     Clarity  .     b - +1 robe
rNeg   . . .     SustAt   .     (shield restricted)
rPois  .         Gourm    .     (helmet restricted)
rElec  .         Spirit   .     (no cloak)
rCorr  .         Warding  .     (gloves unavailable)
rMut   .         NoTele   +     (boots unavailable)
MR     +....                    (no amulet)
Stlth  +++.......               (no ring)
                                (no ring)

@: lethally poisoned (0 -> -5), contaminated, glowing, very quick, somewhat
resistant to hostile enchantments, fairly stealthy
A: unfitting armour, horns 1, icy blue scales 1, yellow scales 1, see invisible,
blink, clever 1, herbivore 3, speed 3, screaming 1, slow metabolism 2
a: Blink, Shadow Step, Shadow Form, Renounce Religion


You were in the Dungeon.
You worshipped Dithmenos.
Dithmenos was exalted by your worship.
You were hungry.

You visited 1 branch You collected 20 gold pieces.

Inventory:

Hand weapons
 a - a +1 dagger (weapon)
Missiles
 f - 10 throwing nets (quivered)
Armour
 b - a +1 robe (worn)
Scrolls
 j - a scroll of blinking
 l - 2 scrolls of holy word {unknown}
 p - 2 scrolls of remove curse
Potions
 c - a potion of berserk rage
 g - a potion of haste
 h - 2 potions of magic
 i - 3 potions of might
 o - 2 potions of flight
 r - 2 potions of cure mutation
Comestibles
 d - a bread ration
 n - 2 royal jellies
 q - 3 fruits


   Skills:
 * Level 10.2 Short Blades
 + Level 5.0 Armour
 * Level 13.3 Dodging
 * Level 14.7 Stealth
 * Level 11.4 Spellcasting
 + Level 4.5 Conjurations
 + Level 8.9 Hexes
 + Level 1.1 Translocations
 + Level 5.2 Ice Magic
 - Level 2.2 Invocations


You had one spell level left.
You knew the following spells:

 Your Spells              Type           Power        Failure   Level  Hunger
a - Corona                Hex            #####..      1%          1    None
b - Ensorcelled Hibernat  Hex/Ice        #####.       1%          2    None
c - Confuse               Hex            #####...     1%          3    None
d - Tukima's Dance        Hex            #####...     1%          3    None
e - Dazzling Spray        Conj/Hex       #####...     1%          3    None
f - Darkness              Hex            #####.....   28%         6    ######.
g - Mass Confusion        Hex            #####.....   28%         6    ######.
h - Phase Shift           Tloc           ###.......   96%         5    ####...


Dungeon Overview and Level Annotations

Branches:
Dungeon (1/1)

Altars:
Cheibriados
Dithmenos
Elyvilon
Fedhas
Gozag
Kikubaaqudgha
Makhleb
Nemelex Xobeh
Okawaru
Qazlal
Ru
Sif Muna
Trog
Vehumet
Xom
Yredelemnul
Zin
The Shining One
Jiyva
Lugonu


Innate Abilities, Weirdness & Mutations

You are tiny and cannot use many weapons and most armour.
You have supernaturally acute eyesight.
You are a herbivore.
You cover ground extremely quickly.
You need consume almost no food.
You have a pair of small horns on your head.
You are partially covered in icy blue scales (AC +1).
You are partially covered in yellow scales (AC +2).
You can translocate small distances at will.
Your mind is acute. (Int +2)
You occasionally shout uncontrollably at your foes.


Message History

* * * LOW HITPOINT WARNING * * *
You are lethally poisoned!
The killer bee poisons you!
Unknown command.
* * * LOW HITPOINT WARNING * * *
You feel sick.
Drink which item? (? for menu, Esc to quit)
Okay, then.
* * * LOW HITPOINT WARNING * * *
You feel sick. The killer bee stings you.
* * * LOW HITPOINT WARNING * * *
* * * LOW HITPOINT WARNING * * *
You feel sick.
You see here a giant spiked club.
* * * LOW HITPOINT WARNING * * *
You feel sick.
You are no longer corroded.
There is an open door here.
You die...

.♣ ♣♣.#___#__[#__# ♣♣
♣..#.).#..)#._#
.♣♣♣..###+#+###+##
♣.♣...#..........#
≈.♣.♣.'.⌠........#
≈≈≈...#...######'#
≈≈....#.⌠.#__#...#+##############
≈.....#...#__#...#....#.#.#§§§§§#
......#+###__#..@##.#))#.##§###§#
......#..%#__#...'##.#.#.##.#y§##
......#___#_.+...#y..#..#..##.y'y
▓▓▓▓▓▓▓▓▓▓▓▓▓▓▓▓▓▓▓▓▓▓▓▓▓▓▓▓▓▓▓#y
#y +. #. ##


You could see a killer bee.

Vanquished Creatures
  Erolcha (D)
  A deep elf priest (D)
  A queen bee (D)
  A redback (D)
  A shadow (D)
  2 trapdoor spiders (D)
  A spatial vortex (D)
  2 hill giants (D)
  A necrophage (D)
  2 two-headed ogres (D)
  A water elemental (D)
  A scorpion (D)
  17 killer bees (D)
  A jelly (D)
  A necromancer (D)
  A wizard (D)
  A kobold demonologist (D)
  3 humans (D)
  2 oozes (D)
  2 rats (D)
43 creatures vanquished.

Vanquished Creatures (collateral kills)
  A two-headed ogre (D)
1 creature vanquished.

Vanquished Creatures (others)
  2 draconian scorchers (D)
  2 yaktaurs (D)
4 creatures vanquished.

Grand Total: 48 creatures vanquished

Notes
Turn   | Place    | Note
--------------------------------------------------------------
     0 | D        | Kidiri the Spriggan Enchanter began the quest for the Orb.
     0 | D        | Reached XP level 1. HP: 9/9 MP: 5/5
     7 | D        | Reached skill level 5 in Stealth
     7 | D        | Reached XP level 2. HP: 13/13 MP: 5/7
    11 | D        | Learned a level 2 spell: Ensorcelled Hibernation
    63 | D        | Killed a yaktaur
    71 | D        | Reached skill level 1 in Armour
    71 | D        | Reached skill level 6 in Stealth
    71 | D        | Reached XP level 3. HP: 7/16 MP: 5/9
    78 | D        | Learned a level 3 spell: Confuse
    82 | D        | Learned a level 3 spell: Tukima's Dance
   221 | D        | Killed a white draconian scorcher
   289 | D        | Noticed a scorpion
   296 | D        | Killed a scorpion
   296 | D        | Reached skill level 5 in Dodging
   296 | D        | Reached skill level 7 in Stealth
   296 | D        | Reached skill level 5 in Spellcasting
   296 | D        | Reached skill level 1 in Ice Magic
   296 | D        | Reached XP level 4. HP: 21/21 MP: 10/12
   307 | D        | Learned a level 3 spell: Dazzling Spray
   310 | D        | Killed a white draconian scorcher
   321 | D        | Gained mutation: You can translocate small distances at will. [potion of mutation]
   321 | D        | Gained mutation: You are partially covered in icy blue scales (AC +1). [potion of mutation]
   321 | D        | Gained mutation: You have a pair of small horns on your head. [potion of mutation]
   322 | D        | Gained mutation: You occasionally shout uncontrollably at your foes. [potion of mutation]
   322 | D        | Gained mutation: Your mind is acute. (Int +2) [potion of mutation]
   322 | D        | Gained mutation: You are partially covered in yellow scales (AC +2). [potion of mutation]
   350 | D        | Noticed a water elemental
   353 | D        | Killed a water elemental
   353 | D        | Reached skill level 8 in Stealth
   353 | D        | Reached XP level 5. HP: 24/24 MP: 14/14
   362 | D        | Noticed a jelly
   363 | D        | Noticed a shadow
   400 | D        | Killed a shadow
   400 | D        | Reached skill level 9 in Stealth
   400 | D        | Reached skill level 1 in Conjurations
   400 | D        | Reached skill level 5 in Hexes
   400 | D        | Reached XP level 6. HP: 12/28 MP: 1/17
   402 | D        | Killed a jelly
   616 | D        | Found a stormy altar of Qazlal.
   617 | D        | Found a sacrificial altar of Ru.
   617 | D        | Found a burning altar of Makhleb.
   617 | D        | Found a viscous altar of Jiyva.
   617 | D        | Found a shimmering altar of Xom.
   617 | D        | Found a shadowy altar of Dithmenos.
   617 | D        | Found a sparkling altar of Nemelex Xobeh.
   617 | D        | Found a corrupted altar of Lugonu.
   617 | D        | Found an opulent altar of Gozag.
   617 | D        | Noticed a spatial vortex
   621 | D        | Became a worshipper of Dithmenos the Shadowed
   637 | D        | Killed a spatial vortex
   637 | D        | Reached skill level 10 in Stealth
   637 | D        | Reached skill level 1 in Invocations
   757 | D        | Found a radiant altar of Vehumet.
   758 | D        | Found a deep blue altar of Sif Muna.
   758 | D        | Found an ancient bone altar of Kikubaaqudgha.
   758 | D        | Noticed a wizard
   759 | D        | Killed a wizard
   781 | D        | Learned a level 6 spell: Darkness
   794 | D        | Found an iron altar of Okawaru.
   795 | D        | Found a bloodstained altar of Trog.
   795 | D        | Noticed a human
   795 | D        | Noticed a human
   797 | D        | Killed a human
   797 | D        | Reached XP level 7. HP: 32/32 MP: 19/19
   799 | D        | Killed a human
   799 | D        | Reached skill level 11 in Stealth
   813 | D        | Found a glowing silver altar of Zin.
   814 | D        | Found a glowing golden altar of the Shining One.
   814 | D        | Found a white marble altar of Elyvilon.
   814 | D        | Noticed a deep elf priest
   822 | D        | Killed a deep elf priest
   822 | D        | Acquired Dithmenos's first power
   822 | D        | Reached skill level 10 in Dodging
   843 | D        | Learned a level 6 spell: Mass Confusion
   866 | D        | Found a snail-covered altar of Cheibriados.
   866 | D        | Noticed a necrophage
   867 | D        | Found a basalt altar of Yredelemnul.
   867 | D        | Found a blossoming altar of Fedhas.
   867 | D        | Noticed a necromancer
   870 | D        | Killed a necromancer
   870 | D        | Reached XP level 8. HP: 36/36 MP: 15/22
   884 | D        | Killed a necrophage
  1011 | D        | Noticed a two-headed ogre
  1011 | D        | Noticed a two-headed ogre
  1016 | D        | Killed a two-headed ogre
  1016 | D        | Reached skill level 12 in Stealth
  1019 | D        | Noticed a two-headed ogre
  1022 | D        | Killed a two-headed ogre
  1030 | D        | Killed a two-headed ogre
  1030 | D        | Acquired Dithmenos's second power
  1125 | D        | Noticed a hill giant
  1128 | D        | Killed a hill giant
  1140 | D        | Noticed a hill giant
  1140 | D        | Noticed Erolcha
  1142 | D        | Killed a hill giant
  1143 | D        | Killed Erolcha
  1143 | D        | Reached skill level 13 in Stealth
  1143 | D        | Reached skill level 10 in Spellcasting
  1143 | D        | Reached XP level 9. HP: 39/39 MP: 22/24
  1152 | D        | Learned a level 5 spell: Phase Shift
  1223 | D        | Noticed a redback
  1227 | D        | Killed a redback
  1235 | D        | Noticed a trapdoor spider
  1237 | D        | Killed a trapdoor spider
  1237 | D        | Acquired Dithmenos's third power
  1270 | D        | Noticed a trapdoor spider
  1279 | D        | Killed a trapdoor spider
  1339 | D        | Noticed a killer bee
  1339 | D        | Noticed a killer bee
  1339 | D        | Noticed a killer bee
  1339 | D        | Noticed a killer bee
  1339 | D        | Noticed a killer bee
  1339 | D        | Noticed a queen bee
  1339 | D        | Noticed a killer bee
  1339 | D        | Noticed a killer bee
  1339 | D        | Noticed a killer bee
  1339 | D        | Noticed a killer bee
  1339 | D        | Noticed a killer bee
  1339 | D        | Noticed a killer bee
  1339 | D        | Noticed a killer bee
  1339 | D        | Noticed a killer bee
  1339 | D        | Noticed a killer bee
  1340 | D        | Noticed a killer bee
  1341 | D        | Noticed a killer bee
  1341 | D        | Noticed a killer bee
  1341 | D        | Noticed a killer bee
  1341 | D        | Noticed a killer bee
  1342 | D        | Noticed a killer bee
  1342 | D        | Killed a killer bee
  1342 | D        | Reached skill level 14 in Stealth
  1344 | D        | Noticed a killer bee
  1344 | D        | Noticed a killer bee
  1344 | D        | Noticed a killer bee
  1344 | D        | Killed a killer bee
  1344 | D        | Reached skill level 5 in Ice Magic
  1345 | D        | Noticed a killer bee
  1346 | D        | Noticed a killer bee
  1346 | D        | Noticed a killer bee
  1346 | D        | Killed a killer bee
  1348 | D        | Noticed a killer bee
  1348 | D        | Noticed a killer bee
  1349 | D        | Noticed a killer bee
  1350 | D        | Killed a killer bee
  1351 | D        | Noticed a killer bee
  1352 | D        | Killed a killer bee
  1352 | D        | Acquired Dithmenos's fourth power
  1354 | D        | Noticed a killer bee
  1354 | D        | Killed a killer bee
  1356 | D        | Killed a killer bee
  1360 | D        | Noticed a killer bee
  1438 | D        | Gained mutation: You are weak. (Str -2) [mutagenic glow]
  1675 | D        | Killed a killer bee
  1675 | D        | Reached skill level 10 in Short Blades
  1680 | D        | Killed a killer bee
  1684 | D        | Killed a killer bee
  1688 | D        | Killed a queen bee
  1692 | D        | Killed a yaktaur
  1693 | D        | Killed a killer bee
  1695 | D        | Killed a killer bee
  1782 | D        | Killed a killer bee
  1783 | D        | Killed a killer bee
  1783 | D        | Reached skill level 5 in Armour
  1785 | D        | Killed a killer bee
  1787 | D        | Killed a killer bee
  1787 | D        | Reached skill level 1 in Translocations
  1795 | D        | Killed a killer bee
  1801 | D        | Lost mutation: You are weak. (Str -2) [mutagenic glow]
  1802 | D        | HP: 1/39 [killer bee (1)]
  1817 | D        | HP: 1/39 [poisoned by a killer bee]
  1822 | D        | Succumbed to a killer bee's poison

Vault maps used:
D:        dungeon_sprint_mu

Action                   |  1- 3 |  4- 6 |  7- 9 || total
-------------------------+-------+-------+-------++-------
Melee: Dagger            |    17 |    23 |    67 ||   107
 Cast: Ensorcelled Hiber |     1 |       |    29 ||    30
       Corona            |     1 |       |       ||     1
       Dazzling Spray    |       |    11 |    14 ||    25
       Tukima's Dance    |       |       |     4 ||     4
       Confuse           |       |       |     4 ||     4
  Use: Scroll            |       |     3 |       ||     3
       Potion            |       |     3 |     3 ||     6
 Stab: Sleeping          |     5 |     4 |    19 ||    28
       Invisible         |       |       |     5 ||     5
